 Seeded DCSS version 0.25.1-8-g42b30a86e7 (webtiles) character file.

Game seed: 20201210 (custom seed)

3988 radhat240 the Grappler (level 10, -13/92 HPs)
             Began as a Troll Fighter on Dec 15, 2020.
             Was a Priest of Makhleb.
             Mangled by an orc warlord
             ... wielding a +4 broad axe of draining
              (30 damage)
             ... in a bailey.
             The game lasted 00:29:36 (6496 turns).

radhat240 the Grappler (Troll Fighter)              Turns: 6496, Time: 00:29:36

Health: -13/92     AC:  6    Str: 35    XL:     10   Next: 3%
Magic:  10/10      EV:  9    Int:  4    God:    Makhleb [***...]
Gold:   328        SH: 11    Dex:  9    Spells: 10/11 levels left

rFire    + . .     SeeInvis .     - Unarmed
rCold    . . .     Gourm    +   b - +1 kite shield
rNeg     . . .     Faith    .   a - +0 robe
rPois    .         Spirit   .   (helmet restricted)
rElec    .         Reflect  .   (no cloak)
rCorr    .         Harm     .   (gloves unavailable)
MR       .....                  (boots unavailable)
Stlth    +.........             g - amulet of regeneration
HPRegen  1.05/turn              k - ring of protection from fire
MPRegen  0.12/turn              u - +6 ring of strength

@: mighty, heavily drained
A: large, unfitting armour, claws 3, fast metabolism 3, gourmand, regeneration
1, shaggy fur 1, tough skin 3
a: Minor Destruction, Lesser Servant of Makhleb, Renounce Religion


You were in a bailey.
You worshipped Makhleb.
Makhleb was most pleased with you.
You were completely stuffed.

You visited 2 branches of the dungeon, and saw 9 of its levels.
You also visited: Sewer and Bailey.

You collected 328 gold pieces.

Inventory:

Hand Weapons
 v - the +8 dagger "Nayrioqem" {elec, rElec rN+++ Str-5 Stlth+}
   (You found it on level 5 of the Dungeon)

   Occasionally, upon striking a foe, it will discharge some electrical energy
   and cause terrible harm.
   It affects your strength (-5).
   It insulates you from electricity.
   It renders you almost immune to negative energy.
   It makes you more stealthy.
Missiles
 s - 2 large rocks (quivered)
Armour
 a - a +0 robe (worn)
 b - a +1 kite shield (worn)
Jewellery
 g - an amulet of regeneration (around neck)
 h - an uncursed amulet of faith {unknown}
 k - a ring of protection from fire (left claw)
 u - a +6 ring of strength (right claw)
Scrolls
 f - 5 scrolls of teleportation
 j - 3 scrolls of amnesia
 m - 2 scrolls of blinking
 o - 2 scrolls of fear
 p - 4 scrolls of remove curse
 t - 2 scrolls of enchant armour
 w - 2 scrolls of enchant weapon
 y - a scroll of magic mapping {unknown}
 z - a scroll of noise {unknown}
Potions
 c - 3 potions of might
 i - a potion of brilliance {unknown}
 n - 2 potions of ambrosia {unknown}
 q - 2 potions of magic {unknown}
 r - 4 potions of haste {unknown}
Comestibles
 d - 22 rations


   Skills:
 + Level 3.9(2.1) Fighting
 + Level 5.1(3.3) Dodging
 + Level 1.3(0.0) Stealth
 + Level 5.5(3.7) Shields
 * Level 10.4(8.4) Unarmed Combat
 + Level 1.0(0.0) Spellcasting
 * Level 2.3(0.7) Translocations


You had 10 spell levels left.
You knew the following spells:

 Your Spells              Type           Power        Failure   Level  Hunger
a - Apportation           Tloc           #.....       80%         1    ##.....

Your spell library contained the following spells:

 Spells                   Type           Power        Failure   Level  Hunger
 Animate Skeleton         Necr           N/A          87%         1    ##.....
 Corona                   Hex            #......      87%         1    ##.....
 Summon Small Mammal      Summ           #...         87%         1    ##.....


Dungeon Overview and Level Annotations

Branches:
Dungeon (8/15)             Temple (1/1) D:6           Sewer (visited)
 Bailey (1/1)
   Lair: D:8-11

Altars:
Ashenzari
Dithmenos
Elyvilon
Fedhas
Gozag
Hepliaklqana
Kikubaaqudgha
Makhleb
Nemelex Xobeh
Okawaru
Qazlal
Ru
Sif Muna
Trog
Uskayaw
Vehumet
Wu Jian
Xom
Yredelemnul
Zin
The Shining One


Innate Abilities, Weirdness & Mutations

You are too large for most types of armour.
You have claws for hands.
Your metabolism is lightning-fast.
You like to eat raw meat.
Your natural rate of healing is unusually fast.
You are covered in fur. (AC +1)
You have extremely tough skin. (AC +3)


Message History

The orc warlord goes into a battle-frenzy!
You hear a shout!
All of the chunks of flesh in your inventory have rotted away.
You claw the orc warlord!
The orc warlord is almost dead.
The orc warlord hits you with a +4 broad axe of draining!!!
You feel drained.
Okay, then.
Press: ? - help, v - describe, . - travel
Here: an orc warlord, wielding a +4 broad axe of draining and wearing a +0 plate armour (almost dead, strong)
An open door, spattered with blood.
You feel very mighty all of a sudden.
The orc warlord hits you with a +4 broad axe of draining!
* * * LOW HITPOINT WARNING * * *
You feel drained.
* * * LOW HITPOINT WARNING * * *
You scratch the orc warlord.
The orc warlord is almost dead.
The orc warlord hits you with a +4 broad axe of draining!!
You die...

.### ###.### ...###
###.....###
.....###.........##
......#...........#
......'.).........#
⌠.....#.....⌠.....#
......#...).......#
......#...........#
)....###.......)@###
...###.###.....#o#.###
.###.....###.###g....###
##=........###.o.......##
#$$........##8..........#
#g$.........#8..........#
#og.........).....⌠....∩#
#?og........#8..........#
#ooo.......##8..........#


You could see an orc warlord (strong), an orc knight (strong) and a hobgoblin.

Vanquished Creatures
  Harold (D:7)
  Pikel (D:5)
  Joseph (D:8)
  A hippogriff (D:7)
  An ice beast (D:5)
  7 orc warriors
  A black bear (D:7)
  2 ogres
  A centaur (D:6)
  2 bullfrogs
  4 killer bees (D:6)
  5 crimson imps
  A jelly (D:5)
  A quasit (D:7)
  A hound (D:5)
  4 orc wizards
  2 orc priests
  A bullfrog skeleton (D:5)
  An iguana (D:5)
  4 worker ants
  8 gnolls
  8 adders
  A shadow imp (D:7)
  An ooze (D:2)
  2 adder skeletons
  5 worms
  2 dart slugs
  5 leopard geckos
  27 orcs
  6 ball pythons (Sewer)
  7 giant cockroaches
  19 goblins
  25 hobgoblins
  8 jackals
  7 frilled lizards
  10 kobolds
  A leopard gecko skeleton (D:5)
  9 rats
  4 plants (Sewer)
197 creatures vanquished.

Vanquished Creatures (others)
  A hound (D:5)
1 creature vanquished.

Grand Total: 198 creatures vanquished

Notes
Turn   | Place    | Note
-------+----------+-------------------------------------------
     0 | D:1      | radhat240 the Troll Fighter began the quest for the Orb.
     0 | D:1      | Reached XP level 1. HP: 22/22 MP: 0/0
   146 | D:2      | Reached XP level 2. HP: 29/29 MP: 1/1
   393 | D:2      | Reached XP level 3. HP: 34/36 MP: 2/2
   565 | D:2      | Found a shadowy altar of Dithmenos.
   569 | D:2      | Found a basalt altar of Yredelemnul.
   569 | D:2      | Found a radiant altar of Vehumet.
  1061 | D:3      | Reached XP level 4. HP: 31/44 MP: 3/3
  1304 | D:3      | You fall into a shaft and drop 3 floors!
  1304 | D:6      | Found a staircase to the Ecumenical Temple.
  1312 | D:6      | Reached skill level 3 in Unarmed Combat
  1342 | D:6      | Found a glowing drain.
  1375 | D:6      | Reached XP level 5. HP: 17/52 MP: 4/4
  1427 | D:6      | Noticed a centaur
  1433 | D:6      | Killed a centaur
  1453 | Sewer    | Entered a sewer
  1696 | Sewer    | Reached XP level 6. HP: 61/61 MP: 5/5
  2159 | Temple   | Entered the Ecumenical Temple
  2174 | Temple   | Became a worshipper of Makhleb the Destroyer
  2303 | D:6      | Reached skill level 4 in Unarmed Combat
  2319 | D:5      | Entered Level 5 of the Dungeon
  2319 | D:5      | Noticed Pikel
  2319 | D:5      | Noticed a slave
  2319 | D:5      | Noticed a slave
  2319 | D:5      | Noticed a slave
  2323 | D:5      | Noticed a slave
  2333 | D:5      | Killed Pikel
  2333 | D:5      | Reached skill level 5 in Unarmed Combat
  2333 | D:5      | Reached XP level 7. HP: 49/67 MP: 6/6
  2384 | D:5      | Reached skill level 6 in Unarmed Combat
  2986 | D:4      | Reached XP level 8. HP: 75/75 MP: 7/7
  3428 | D:4      | Noticed a moth of wrath
  3431 | D:4      | Found a bloodstained altar of Trog.
  3440 | D:4      | Reached * piety under Makhleb
  3596 | D:5      | Reached skill level 7 in Unarmed Combat
  3934 | D:5      | Got a faintly glowing dagger
  3935 | D:5      | Identified the +8 dagger "Nayrioqem" {elec, rElec rN+++
                  | Str-5 Stlth+} (You found it on level 5 of the Dungeon)
  4318 | D:6      | Found an ancient bone altar of Kikubaaqudgha.
  4345 | D:6      | Reached skill level 1 in Stealth
  4349 | D:6      | Reached skill level 8 in Unarmed Combat
  4380 | D:6      | Found a shattered altar of Ashenzari.
  4392 | D:6      | Learned a level 1 spell: Apportation
  4898 | D:7      | Noticed a hippogriff
  4905 | D:7      | Killed a hippogriff
  4963 | D:7      | Reached XP level 9. HP: 84/84 MP: 8/8
  4984 | D:7      | Reached skill level 5 in Shields
  5005 | D:7      | Found a sacrificial altar of Ru.
  5020 | D:7      | Found a white marble altar of Elyvilon.
  5245 | D:7      | Reached ** piety under Makhleb
  5245 | D:7      | Reached skill level 1 in Translocations
  5343 | D:7      | Noticed Harold
  5360 | D:7      | Killed Harold
  5360 | D:7      | Reached skill level 9 in Unarmed Combat
  5360 | D:7      | Reached skill level 1 in Spellcasting
  5909 | D:8      | Noticed Joseph
  5923 | D:8      | Killed Joseph
  5923 | D:8      | Reached skill level 5 in Dodging
  5948 | D:8      | Found a flagged portal.
  5948 | D:8      | Noticed a two-headed ogre
  5949 | D:8      | Noticed a two-headed ogre
  5963 | Bailey   | Entered a bailey
  6042 | Bailey   | Reached skill level 10 in Unarmed Combat
  6180 | Bailey   | Reached *** piety under Makhleb
  6255 | Bailey   | Reached XP level 10. HP: 92/92 MP: 10/10
  6314 | Bailey   | Noticed an orc knight
  6314 | Bailey   | Noticed an orc warlord
  6314 | Bailey   | Noticed an orc knight
  6496 | Bailey   | Mangled by an orc warlord

Illustrated notes

Levels and vault maps discovered:
D:1:      dpeg_arrival_snail, layout_basic
D:2:      layout_basic, chequers_temple_overflow_statue_of_worship,
          minmay_hedge_maze, minmay_misc_feat_five
D:3:      layout_basic
D:4:      layout_loops_ring, tgw_trog, first_ration, minmay_distorted
D:5:      layout_basic, kennysheep_nub, minmay_fractal_squares_diagonal_5,
          uniq_pikel
D:6:      layout_loops_ring, kennysheep_mini_moat,
          minmay_temple_entry_overgrown, gup_sewer_entry_glass,
          cheibrodos_ashenzari_chains
D:7:      layout_layer_cave, nicolae_overflow_crystal_walls,
          lemuel_doored_altar, uniq_harold
D:8:      layout_rooms, enter_bailey_6, uniq_joseph
Temple:   eino_narrow_crystal_temple
Bailey:   bailey_axe_minmay_hex_keep, bailey

Skill      XL: |  1  2  3  4  5  6  7  8  9 |
---------------+----------------------------+-----
Shields        | 3 4 5 |  5.5
Dodging        | 3 4 5 |  5.1
Unarmed Combat | 3 5 6 8 10 | 10.4
Fighting       | 3 |  3.9
Stealth        | 1 |  1.3
Translocations | 2 |  2.3
Spellcasting   | 1 |  1.0

Action                   |  1- 3 |  4- 6 |  7- 9 | 10-12 || total
-------------------------+-------+-------+-------+-------++-------
Melee: Unarmed           |    93 |   149 |   338 |    51 ||   631
 Cast: Apportation       |       |       |     3 |       ||     3
  Use: Scroll            |     2 |       |     8 |     3 ||    13
       Potion            |       |     1 |       |     2 ||     3
  Eat: Chunk             |    15 |     9 |    41 |     2 ||    67
Armor: Robe              |    60 |    29 |    54 |     4 ||   147
Dodge: Dodged            |    48 |    34 |    92 |    16 ||   190
Block: Kite shield       |   101 |    55 |   163 |    18 ||   337
